 Dungeon Crawl Stone Soup version 0.25-a0-178-gc9f82b1288 (webtiles) character file.

Game seed: 8825197469688181946, levelgen mode: deterministic

78 vurker the Gusty (level 4, -10/25 HPs)
             Began as a Tengu Air Elementalist on Nov 26, 2019.
             Shot with an arrow by a centaur (12 damage)
             ... on level 3 of the Dungeon.
             The game lasted 00:04:05 (2100 turns).

vurker the Gusty (Tengu Air Elementalist)           Turns: 2100, Time: 00:04:06

Health: -10/25     AC:  7    Str:  8    XL:     4   Next: 36%
Magic:  8/9        EV: 12    Int: 17    God:
Gold:   116        SH:  0    Dex: 14    Spells: 0/8 levels left

rFire    . . .     SeeInvis .   b - +1 dagger
rCold    . . .     Gourm    .   (no shield)
rNeg     . . .     Faith    .   a - +0 robe
rPois    .         Spirit   .   (helmet restricted)
rElec    .         Reflect  .   (no cloak)
rCorr    .         Harm     .   i - +0 pair of gloves
MR       .....                  (boots unavailable)
Stlth    ++........             (no amulet)
HPRegen  0.08/turn              h - +4 ring of protection
MPRegen  0.11/turn              (no ring)

@: no status effects
A: beak, talons 3
a: no special abilities


You were on level 3 of the Dungeon.
You were not hungry.

You visited 1 branch of the dungeon, and saw 3 of its levels.

You collected 116 gold pieces.

Inventory:

Hand Weapons
 b - a +1 dagger (weapon)
   (You took it off a goblin on level 1 of the Dungeon)
Armour
 a - a +0 robe (worn)
 i - a +0 pair of gloves (worn)
   (You found it on level 1 of the Dungeon)
Jewellery
 h - a +4 ring of protection (left hand)
   (You found it on level 1 of the Dungeon)
Scrolls
 f - 2 scrolls of enchant weapon
 j - a scroll of blinking {unknown}
 k - a scroll of teleportation
Potions
 g - a potion of haste
 l - 2 potions of heal wounds
Comestibles
 e - 10 rations


   Skills:
 + Level 1.2 Fighting
 - Level 2.1 Dodging
 - Level 2.0 Stealth
 * Level 2.7 Spellcasting
 * Level 3.0 Conjurations
 * Level 4.9 Air Magic


You couldn't memorise any spells.
You knew the following spells:

 Your Spells              Type           Power        Failure   Level  Hunger
a - Shock                 Conj/Air       ###.         3%          1    #......
b - Static Discharge      Conj/Air       ###.....     11%         3    ###....
c - Airstrike             Air            ###.......   24%         4    #####..

Your spell library contained the following spells:

 Spells                   Type           Power        Failure   Level  Hunger
 Swiftness                Chrm/Air       ##......     10%         2    ##.....
 Lightning Bolt           Conj/Air       ###.......   67%         5    ######.


Dungeon Overview and Level Annotations

Branches:
Dungeon (3/15)

Altars:
The Shining One

Annotations:
D:3 3 runed translucent doors, bmj180's ghost, amateur HOFi


Innate Abilities, Weirdness & Mutations

You have a beak for a mouth.
You have claws for feet.


Message History

You kill the rat!
Found a stone staircase leading down.
Found a potion of heal wounds.
Found a plate armour.
A dart slug comes into view.
Found a ration.
Aim: a dart slug (resting)
The zap hits the dart slug.
Aim: a dart slug (moderately wounded)
The zap hits the dart slug.
Aim: a dart slug (almost dead)
The zap hits the dart slug.
You kill the dart slug!
Found 7 gold pieces.
l - 2 potions of heal wounds (gained 1) Search for what [? for help]? ego
e - 10 rations (gained 1)
You now have 116 gold pieces (gained 7).
You see here a plate armour.
You open the door.
There is an open door here.
A kobold comes into view.
A kobold is nearby!
Aim: a kobold The zap hits the kobold.
You kill the kobold!
Things that are here:
2 stones; a kobold corpse Bmj180's ghost turns its malevolent gaze towards you.
Found 44 gold pieces and a bubbling inky potion.
You open the door.
There is an open door here.
The worker ant zombie waves its antennae.
Found 25 stones.
A centaur comes into view.
Unknown command.
A hobgoblin comes into view. It is wielding a +0 club.
The centaur shouts!
The centaur wields a +0 shortbow.
The centaur shoots an arrow.
The arrow hits you.
The centaur shoots an arrow.
The arrow hits you.
You see here an arrow.
The centaur shoots an arrow.
The arrow barely misses you.
You see here an arrow.
Aim: a centaur, wielding a +0 shortbow The zap hits the centaur.
The centaur shoots an arrow.
The arrow hits you!
Ouch! That really hurt!
* * * LOW HITPOINT WARNING * * *
The centaur shoots an arrow.
The arrow hits you!
You die...

.....####'#.#
#.#!....#
............#
##.+....##
.g..c.......#
#..+...$.#
.c..........#
#..+...$####
............#
#..#Z.WZ #.# #.....#
#..#W# #.# #..##.#
#..#######.#
#..#######..........#
#..c...(@'.......####
#.########.......#
#.# #######.# #.# #.#
#(# #.# #.# #.# ..#
#.# ### #.# #.#


You could see a centaur, bmj180's ghost and a worker ant zombie.

Vanquished Creatures
  An adder (D:2)
  An ooze (D:2)
  2 worms (D:2)
  5 dart slugs
  2 leopard geckos
  3 ball pythons
  5 bats
  3 giant cockroaches
  4 goblins
  4 hobgoblins (D:1)
  A frilled lizard (D:2)
  8 kobolds
  9 rats
48 creatures vanquished.

Notes
Turn   | Place    | Note
-------+----------+-------------------------------------------
     0 | D:1      | vurker the Tengu Air Elementalist began the quest for the
                  | Orb.
     0 | D:1      | Reached XP level 1. HP: 10/10 MP: 4/4
    80 | D:1      | Reached XP level 2. HP: 15/15 MP: 0/6
   482 | D:1      | Reached XP level 3. HP: 20/20 MP: 4/7
   723 | D:1      | Learned a level 3 spell: Static Discharge
  1169 | D:2      | Reached skill level 1 in Fighting
  1202 | D:2      | Found a glowing golden altar of the Shining One.
  1353 | D:2      | Reached XP level 4. HP: 25/25 MP: 3/8
  1407 | D:2      | Learned a level 4 spell: Airstrike
  2068 | D:3      | Found a runed translucent gate.
  2068 | D:3      | Found a runed translucent gate.
  2068 | D:3      | Found a runed translucent gate.
  2068 | D:3      | Noticed bmj180's ghost (amateur HOFi)
  2081 | D:3      | Noticed a centaur
  2100 | D:3      | Shot with an arrow by a centaur

Levels and vault maps discovered:
D:1:      onia_arrival_handbag, layout_basic
D:2:      layout_basic, lemuel_round_altar
D:3:      layout_basic, lemuel_crystal_altar, first_ration,
          gammafunk_ghost_necromancy

Skill      XL: |  1  2  3  4 |
---------------+-------------+-----
Conjurations   | 2 3 |  3.0
Fighting       | 1 |  1.2
Dodging        | |  2.1
Stealth        | |  2.0
Spellcasting   | |  2.7
Air Magic      | |  4.9

Action                   |  1- 3 |  4- 6 || total
-------------------------+-------+-------++-------
Melee: Unarmed           |     3 |       ||     3
       Dagger            |     6 |     1 ||     7
       Peck              |     2 |       ||     2
 Cast: Shock             |    67 |    23 ||    90
  Use: Scroll            |       |     4 ||     4
  Eat: Chunk             |     2 |     2 ||     4
Armor: Robe              |     5 |     2 ||     7
Dodge: Dodged            |    17 |     2 ||    19

Table legend:
 A = Non-vault XP
 B = Vault XP
 C = Vault XP percentage of total XP
 D = Non-vault monster count
 E = Vault monster count
 F = Vault count percentage of total count
                 A         B        C        D         E       F
            +---------+---------+-------+---------+---------+-------
      Total |     106 |       6 |   5.4 |      44 |       4 |   8.3
            +---------+---------+-------+---------+---------+-------
        D:1 |      43 |       6 |  12.2 |      23 |       4 |  14.8
        D:2 |      57 |       0 |   0.0 |      18 |       0 |   0.0
        D:3 |       6 |       0 |   0.0 |       3 |       0 |   0.0
            +---------+---------+-------+---------+---------+-------
